 Dungeon Crawl Stone Soup version 0.25.1-1-g288607f5aa (webtiles) character file.

Game seed: 11924246679402106135

2 Descartes the Vexing (level 1, -1/7 HPs)
             Began as a Felid Enchanter on July 22, 2020.
             Slain by a hobgoblin
             ... wielding a +0 club
              (4 damage)
             ... on level 1 of the Dungeon.
             The game lasted 00:00:22 (45 turns).

Descartes the Vexing (Felid Enchanter)                Turns: 45, Time: 00:00:22

Health: -1/7       AC:  1    Str:  4    XL:     1   Next: 33%
Magic:  4/4        EV: 18    Int: 16    God:
Gold:   0          SH:  0    Dex: 16    Spells: 3/4 levels left
                                        Lives:  0   Deaths: 0

rFire    . . .     SeeInvis +     - Unarmed
rCold    . . .     Gourm    .   (shield unavailable)
rNeg     . . .     Faith    .   (armour unavailable)
rPois    .         Spirit   .   (helmet unavailable)
rElec    .         Reflect  .   (cloak unavailable)
rCorr    .         Harm     .   (gloves unavailable)
MR       .....                  (boots unavailable)
Stlth    +++.......             (no amulet)
HPRegen  0.02/turn              (no ring)
MPRegen  0.09/turn              (no ring)

@: quick
A: very small, no armour, no weapons or thrown items, stealth, claws 1, fangs 3,
see invisible, carnivore, speed 1, shaggy fur 1, slow metabolism 1, sharp paws
a: no special abilities


You were on level 1 of the Dungeon.
You were not hungry.

You visited 1 branch of the dungeon, and saw 1 of its levels.

Inventory:

Scrolls
 a - a scroll of identify {unknown}
Potions
 c - 2 potions of flight {unknown}
Comestibles
 b - a ration
 d - 2 chunks of flesh


   Skills:
 - Level 2.6 Dodging
 + Level 4.3 Stealth
 - Level 1.0 Unarmed Combat
 - Level 2.0 Spellcasting
 - Level 4.4 Hexes


You had 3 spell levels left.
You knew the following spells:

 Your Spells              Type           Power        Failure   Level  Hunger
a - Corona                Hex            ###....      3%          1    #......

Your spell library contained the following spells:

 Spells                   Type           Power        Failure   Level  Hunger
 Confusing Touch          Hex            ###.....     11%         3    ###....
 Tukima's Dance           Hex            ###.....     11%         3    ###....
 Ensorcelled Hibernation  Hex/Ice        #.....       13%         2    ###....
 Dazzling Flash           Conj/Hex       #.....       26%         3    ###....


Dungeon Overview and Level Annotations

Branches:
Dungeon (1/15)

Altars:


Innate Abilities, Weirdness & Mutations

You cannot wear armour.
You are incapable of wielding weapons or throwing items.
Your paws allow you to move quietly. (Stealth)
You have sharp claws.
You have razor-sharp teeth.
You have supernaturally acute eyesight. (SInv)
You are carnivorous and can eat meat at any time.
You cover ground quickly.
You are covered in fur. (AC +1)
You have a slow metabolism.
Your sharp claws are effective at attacking unaware monsters.


Message History

You bite the bat.
The bat is moderately wounded.
The bat hits you. The bat misses you. The bat barely misses you.
The bat completely misses you. The bat barely misses you.
You completely miss the bat. The bat hits you. The bat closely misses you.
The bat barely misses you.
You scratch the bat. Your bite misses the bat.
The bat is severely wounded.
The bat completely misses you.
The bat misses you. x2; The bat hits you.
You closely miss the bat.
The bat is severely wounded.
The bat closely misses you. x3; The bat misses you.
You scratch the bat.
You kill the bat!
The bat closely misses you.
You scratch the hobgoblin but do no damage.
Your claw misses the hobgoblin. The bat hits you.
The hobgoblin hits you with a +0 club.
Ouch! That really hurt!
You die...

... ....... ......
####PPPP.... ......
#<.#...P...# .......
#..#...P...# .......
#..#.♣.P...# ......
#'##...P..!###.##.#
#..#.......#gl....#
###+##..'.......@#...####
#.......#.....b..#......+
##+###'##...P....#...####
#....#.♣.P....#...####.
#....#...P..÷.#........
#....#...P.............
######PPPP...#.........
..............#.#.#.....
................#...#.....


You could see a leopard gecko, a hobgoblin and a bat.

Vanquished Creatures
  A leopard gecko (D:1)
  A bat (D:1)
2 creatures vanquished.

Notes
Turn   | Place    | Note
-------+----------+-------------------------------------------
     0 | D:1      | Descartes the Felid Enchanter began the quest for the Orb.
     0 | D:1      | Reached XP level 1. HP: 7/7 MP: 4/4
    45 | D:1      | Slain by a hobgoblin

Illustrated notes

Levels and vault maps discovered:
D:1:      evilmike_arrival_home_sweet_home, layout_basic

Action                   || total
-------------------------++-------
Melee: Unarmed           ||     7
       Bite              ||     1
 Stab: Sleeping          ||     1
Armor: Skin              ||     1
Dodge: Dodged            ||    16
